 Dungeon Crawl Stone Soup version 0.29.0-4-gdea44cf6ec (webtiles) character file.

Game seed: 6544280079627616802

49 qw the Sneak (level 3, -1/29 HPs)
             Began as a Ghoul Enchanter on Sept 7, 2022.
             Slain by a gnoll
             ... wielding a +0 whip
              (7 damage)
             ... on level 2 of the Dungeon.
             The game lasted 00:00:48 (2659 turns).

qw the Sneak (Ghoul Enchanter)                      Turns: 2659, Time: 00:00:49

Health: -1/29      AC:  3    Str: 13    XL:     3   Next: 77%
Magic:  4/4        EV: 11    Int: 10    God:
Gold:   100        SH:  0    Dex:  9    Spells: 5/5 levels left

rFire   . . .      SeeInvis .   n - +1 rapier (vamp)
rCold   + . .      Faith    .   (no shield)
rNeg    + + +      Spirit   .   k - +0 leather armour
rPois   inf        Reflect  .   (no helmet)
rElec   .          Harm     .   (no cloak)
rCorr   .          Rampage  .   (no gloves)
Will    +....                   (no boots)
Stlth   ++........              (no amulet)
HPRegen 0.00/turn               l - ring of willpower
MPRegen 0.09/turn               (no ring)

@: inhibited regen
A: claws 1, cold resistance 1, negative energy resistance 3, inhibited
regeneration, torment resistance 2, devour on kill
a: no special abilities


You were on level 2 of the Dungeon.
You visited 1 branch of the dungeon, and saw 2 of its levels.

You collected 100 gold pieces.


Innate Abilities, Weirdness & Mutations

You are immune to poison.
You have sharp fingernails.
Your flesh is cold resistant. (rC+)
You are immune to negative energy. (rN+++)
You do not regenerate when monsters are visible.
You are immune to unholy pain and torment.
You thrive by killing the living.


   Skills:
 - Level 2.0 Fighting
 - Level 0.8 Short Blades
 + Level 2.2 Axes
 - Level 1.7 Dodging
 - Level 3.2 Stealth
 - Level 1.7 Spellcasting
 - Level 2.4 Hexes


You had 5 spell levels left.
You didn't know any spells.
Your spell library contained the following spells:

 Spells                   Type           Power      Damage    Failure   Level
 Ensorcelled Hibernation  Hex/Ice        6%         N/A       36%         2
 Confusing Touch          Hex            5%         N/A       41%         3
 Tukima's Dance           Hex            5%         N/A       41%         3
 Dazzling Flash           Conj/Hex       6%         N/A       58%         3

Inventory:

Hand Weapons
 n - a +1 vampiric rapier (weapon)
Armour
 k - a +0 leather armour (worn)
Jewellery
 l - a ring of willpower (left claw)
Potions
 d - a potion of heal wounds
 f - a potion of attraction {unknown}

Dungeon Overview and Level Annotations

Branches:
Dungeon (2/15)

Altars:

Annotations:
D:1 2 transporters


Message History

The gnoll hits you with a +1 flail of holy wrath.
You convulse.
You hit the gnoll.
You feel better.
The gnoll is severely wounded.
The gnoll closely misses you.
You hit the gnoll.
You feel better.
You kill the gnoll!
You start resting.
HP restored.
Things that are here:
a +1 flail of holy wrath; a gnoll corpse Partly explored, unvisited transporter.
(D) Dungeon
Where to? (* - list waypoints, Enter - D:2, ? - help)
What level of the Dungeon? (default 1, ? - help)
There is a stone staircase leading down here.
You climb downwards.
The gnoll hits you with a +0 club. The gnoll barely misses you.
The gnoll closely misses you. The gnoll barely misses you.
There is a stone staircase leading up here.
You hit the gnoll.
The gnoll is lightly wounded.
The gnoll hits you with a +0 whip. The gnoll misses you.
You hit the gnoll but do no damage.
The gnoll is lightly wounded.
The gnoll hits you with a +0 club. The gnoll closely misses you.
You closely miss the gnoll.
The gnoll is lightly wounded.
The gnoll closely misses you. The gnoll hits you with a +0 whip.
You hit the gnoll.
You feel better.
The gnoll is moderately wounded.
The gnoll closely misses you. The gnoll misses you.
You hit the gnoll.
You feel better.
The gnoll is heavily wounded.
The gnoll closely misses you. The gnoll barely misses you.
You hit the gnoll but do no damage.
The gnoll is heavily wounded.
The gnoll hits you with a +0 club. The gnoll hits you with a +0 whip.
The gnoll barely misses you. The gnoll hits you with a +0 whip!
You die...

#.# .#
#.# #.
#.# .
#.#.# #
##.#. #..
...
.....##g#
#.....g@#
#..?###.#
# #.# #.#
#.# #.#
#.. ###


You could see 2 gnolls.

Vanquished Creatures
  2 gnolls (D:1)
  A dart slug (D:1)
  2 ball pythons (D:1)
  2 endoplasms (D:1)
  4 goblins (D:1)
  6 hobgoblins (D:1)
  3 quokkas (D:1)
  A frilled lizard (D:1)
  A kobold (D:1)
  4 rats (D:1)
26 creatures vanquished.

Notes
Turn   | Place    | Note
-------+----------+-------------------------------------------
     0 | D:1      | qw the Ghoul Enchanter began the quest for the Orb.
     0 | D:1      | Reached XP level 1. HP: 14/14 MP: 2/2
     0 | D:1      | 0 ||| qw: Version: 0.1-a-108-g9e35731
     0 | D:1      | 0 ||| qw: Game counter: 6574
     0 | D:1      | 0 ||| qw: Always use a shield: true
     0 | D:1      | 0 ||| qw: God list: Okawaru
     0 | D:1      | 0 ||| qw: Allow faded altars: false
     0 | D:1      | 0 ||| qw: Do Orc after D:15 true
     0 | D:1      | 0 ||| qw: Do second Lair branch before Depths: true
     0 | D:1      | 0 ||| qw: Lair rune preference: random
     0 | D:1      | 0 ||| qw: Plans: Normal
     0 | D:1      | 0 ||| PLANNING D:1-11
    31 | D:1      | 31 ||| Stepping ~*~*~tactically~*~*~ (hiding).
   133 | D:1      | 133 ||| Stepping ~*~*~tactically~*~*~ (hiding).
   235 | D:1      | 235 ||| Stepping ~*~*~tactically~*~*~ (hiding).
   377 | D:1      | Reached skill level 1 in Axes
   715 | D:1      | Reached XP level 2. HP: 22/22 MP: 3/3
   720 | D:1      | Reached skill level 1 in Fighting
   840 | D:1      | 840 ||| SWAPPING to +0 club.
   841 | D:1      | 841 ||| DROPPING +1 dagger.
   875 | D:1      | 875 ||| SWAPPING to +0 falchion.
  1029 | D:1      | 1029 ||| Stepping ~*~*~tactically~*~*~ (stealth).
  1033 | D:1      | 1033 ||| Stepping ~*~*~tactically~*~*~ (outnumbered).
  1034 | D:1      | 1034 ||| Stepping ~*~*~tactically~*~*~ (outnumbered).
  1035 | D:1      | 1035 ||| Stepping ~*~*~tactically~*~*~ (outnumbered).
  1036 | D:1      | 1036 ||| Stepping ~*~*~tactically~*~*~ (outnumbered).
  1037 | D:1      | 1037 ||| Stepping ~*~*~tactically~*~*~ (outnumbered).
  1038 | D:1      | 1038 ||| Stepping ~*~*~tactically~*~*~ (outnumbered).
  1044 | D:1      | HP: 5/23 [goblin/+0 dagger (1)]
  1044 | D:1      | HP: 1/23 [goblin/+0 dagger (2)]
  1651 | D:1      | 1651 ||| DROPPING +0 club.
  1907 | D:1      | Reached XP level 3. HP: 28/28 MP: 4/4
  1931 | D:1      | 1931 ||| Stepping ~*~*~tactically~*~*~ (outnumbered).
  1932 | D:1      | 1932 ||| Stepping ~*~*~tactically~*~*~ (outnumbered).
  2163 | D:1      | 2163 ||| SWAPPING to +1 vampiric rapier.
  2164 | D:1      | 2164 ||| DROPPING +0 falchion.
  2165 | D:1      | 2165 ||| DROPPING +0 short sword.
  2410 | D:1      | 2410 ||| UPGRADING to +0 leather armour.
  2420 | D:1      | 2420 ||| DROPPING +0 robe.
  2421 | D:1      | 2421 ||| UPGRADING to ring of willpower.
  2422 | D:1      | 2422 ||| READING scroll labelled NECKOMU RIRETT.
  2423 | D:1      | 2423 ||| READING scroll labelled RERAJA FUTAID.
  2424 | D:1      | 2424 ||| READING scroll labelled LYDEIT EQ DULI.
  2425 | D:1      | 2425 ||| READING scroll labelled WOUMIROASE.
  2426 | D:1      | 2426 ||| READING scroll labelled YFFUTE GIYRGH.
  2427 | D:1      | 2427 ||| READING scroll labelled PUQOUMP TASY.
  2428 | D:1      | 2428 ||| DRINKING 2 clear potions.
  2429 | D:1      | 2429 ||| DROPPING 2 potions of invisibility.
  2461 | D:2      | 2461 ||| STAIRDANCE
  2487 | D:2      | 2487 ||| STAIRDANCE
  2659 | D:2      | HP: 6/29 [gnoll/+0 whip (3)]
  2659 | D:2      | Slain by a gnoll

Levels and vault maps discovered:
D:1:      spicycebolla_arrival_transporter_tutorial, layout_basic,
          minmay_pentomino_r4
D:2:      layout_basic, serial_shops, nicolae_shop_crystal, basic_altar,
          lemuel_another_geyser

Skill      XL: |  1  2  3 |
---------------+----------+-----
Axes           | 1 2 |  2.2
Fighting       | 1 2 |  2.0
Short Blades   | |  0.8
Dodging        | |  1.7
Stealth        | |  3.2
Spellcasting   | |  1.7
Hexes          | |  2.4

Action                   || total
-------------------------++-------
Melee: Dagger            ||    32
       Punch             ||     1
       Falchion          ||    64
       Club              ||     8
       Rapier            ||    23
  Use: Scroll            ||     6
       Potion            ||     1
Armor: Robe              ||     9
Dodge: Dodged            ||    85

Table legend:
 A = Non-vault XP
 B = Vault XP
 C = Vault XP percentage of total XP
 D = Non-vault monster count
 E = Vault monster count
 F = Vault count percentage of total count
                 A         B        C        D         E       F
            +---------+---------+-------+---------+---------+-------
      Total |      66 |       5 |   7.0 |      23 |       3 |  11.5
            +---------+---------+-------+---------+---------+-------
        D:1 |      66 |       5 |   7.0 |      23 |       3 |  11.5
            +---------+---------+-------+---------+---------+-------
